K2, chaotic male orcish Barbarian ------- |.....| -.....| |.....| -.....| |..[..| ----.-- @fh K2 the Bandit Experience level: 6 Strength: 18/01 Dexterity: 17 Constitution: 18 Intelligence: 9 Wisdom: 7 Charisma: 6 Health: 0(56) Energy: 13(13) Def: 7 Gold: 735 Moves: 2678 Dungeon seed: bI1LSrMjzoKn9NSJ Game ID: K2_1481236265 Your Inventory: Coins $ - 735 gold pieces Weapons b - an uncursed corroded +0 axe (weapon in hand) E - 8 uncursed +0 daggers I - 2 uncursed +0 elven daggers J - an uncursed +0 shuriken (in quiver) P - a blessed +0 dagger Armor n - an uncursed +0 leather cloak (being worn) r - an uncursed +0 pair of high boots (being worn) z - an uncursed corroded +0 orcish helm (being worn) N - an uncursed +0 scale mail (being worn) Comestibles c - 3 uncursed food rations d - an uncursed cream pie i - an uncursed tripe ration j - 4 uncursed lichen corpses o - 3 uncursed fortune cookies G - an uncursed egg Q - an uncursed carrot Scrolls f - an uncursed scroll of teleportation g - an uncursed scroll of enchant weapon h - an uncursed scroll of enchant armor u - an uncursed scroll of identify v - 2 uncursed scrolls of scare monster A - a blessed scroll of amnesia Spellbooks l - an uncursed spellbook of levitation H - an uncursed spellbook of teleport away Potions m - an uncursed potion of levitation t - a cursed potion of levitation x - an uncursed potion of booze C - an uncursed potion of gain energy O - an uncursed potion of blindness Z - a cursed potion of paralysis Rings w - an uncursed ring of poison resistance Tools k - an uncursed lock pick s - an uncursed bag of tricks (0:5) B - an uncursed blindfold K - 3 uncursed tallow candles (0:200) L - an uncursed skeleton key T - an uncursed wax candle (0:400) V - a blessed tallow candle (0:200) Gems e - an uncursed black opal q - an uncursed worthless piece of blue glass y - 2 uncursed amber stones F - 2 uncursed worthless pieces of violet glass M - 2 uncursed worthless pieces of yellowish brown glass R - an uncursed worthless piece of white glass S - 3 uncursed worthless pieces of orange glass U - an uncursed agate stone W - an uncursed worthless piece of green glass X - 2 uncursed worthless pieces of red glass Y - an uncursed sapphire Spells and supernatural/magical abilities: Name Level Category Fail Memory W - pray for help -- divine ? -- Your skills at the end: Fighting Skills bare handed combat [Basic] Weapon Skills axe [Skilled] two-handed sword [Basic] Spellcasting Skills Final Attributes: You were piously aligned. You were poison resistant. You had infravision. You are dead. Vanquished creatures: a ghost 2 gnome kings a dog a Woodland-elf a fog cloud a shrieker 4 gnome lords a gnomish wizard a little dog 6 dwarves a hill orc a centipede a monkey an acid blob a coyote a hobbit a large kobold a green mold a red mold 21 gnomes 6 garter snakes 8 jackals a fox 2 goblins 2 sewer rats 4 grid bugs 3 bats 6 lichens a kobold zombie 2 newts 84 creatures vanquished. Voluntary challenges: You used a wielded weapon 131 times, starting on turn 69. You were illiterate. You never genocided any monsters. You never polymorphed an object. You never changed form. You used no wishes. You never split a pudding. You never wrote Elbereth's name. You never violated your personal moral code. You abstained from Elbereth's help. Dungeon overview: The Dungeons of Doom: levels 1 to 4 Level 1 a fountain a long staircase Level 2 stairs to The Gnomish Mines Level 3 a fountain Level 4 some fountains The Gnomish Mines: levels 3 to 6 Level 3 stairs to The Dungeons of Doom Level 4 Level 5 Level 6 <- You were here History has recorded: On T:1 you entered the Dungeons of Doom to retrieve the Amulet of Yendor! On T:44 you reached level 4 of The Dungeons of Doom. On T:338 you reached level 3 of The Dungeons of Doom. On T:340 you advanced to experience level 2. On T:577 you advanced to experience level 3. On T:835 you reached level 2 of The Dungeons of Doom. On T:1401 you advanced to experience level 4. On T:1537 you reached level 1 of The Gnomish Mines. On T:1574 you advanced to experience level 5. On T:1639 you reached level 2 of The Gnomish Mines. On T:1768 you advanced to experience level 6. On T:2065 you reached level 3 of The Gnomish Mines. On T:2556 you reached level 4 of The Gnomish Mines. Score breakdown: Gold: 735 ( 9752 points) Experience: 6 levels (12456 points) Exploration: 6 levels ( 12.77%) ( 9890 points) Discoveries: 1 item ( 0.40%) ( 1901 points) Valuables value: (no points given unless you survive) Artifact value: 0 ( 0 points) Variety of kills: 30 monsters ( 7.83%) ( 8396 points) Turncount: 2678 turns ( -432 points) Survival: died (score multiplied by 80%) Total score: 33570 Latest messages: Slyhack's ghost touches you! You smite slyhack's ghost. (2x) You smite slyhack's ghost! Slyhack's ghost touches you! You smite slyhack's ghost! (3x) Slyhack's ghost touches you! You miss slyhack's ghost. You destroy slyhack's ghost! The large cat bites! Your speed returns. You smite the large cat! The large cat bites! (2x) You smite the large cat! The large cat bites! You smite the large cat. The large cat bites! You miss the large cat. The large cat bites! You smite the large cat! The large cat bites! (2x) You smite the large cat. The large cat bites! You smite the large cat! The large cat bites! You die... Final status: Goodbye K2 the Barbarian, killed by a large cat... You died in The Gnomish Mines on dungeon level 6 with 33570 points, and 735 pieces of gold, after 2678 moves. You were level 6 with a maximum of 56 hit points when you died.